EL
FRISCO ROUGHRIDERS @ NORTHWEST ARKANSAS NATURALS
06/03/2048
 
TOP OF THE 1ST
Frisco RoughRiders batting - Pitching for Northwest Arkansas Naturals : RHP Mike Tuck
Pitching: RHP Mike Tuck
Batting: LHB Pauli Gassinger 0-0: Foul Ball, location: 2F
0-1: Foul Ball, location: 2F
0-2: Strikes out swinging
Batting: LHB Alfonso Collazo 0-0: Ball
1-0: Ground out 3-1 (Groundball, 34, EV 87.5 MPH)
Batting: RHB Chance Lamb 0-0: Swinging Strike
0-1: Ball
1-1: Swinging Strike
1-2: Ball
2-2: Foul Ball, location: 2F
2-2: Ball
3-2: Strikes out looking
Top of the 1st over - 0 runs, 0 hits, 0 errors, 0 left on base; Frisco 0 - Northwest Arkansas 0
BOTTOM OF THE 1ST
Northwest Arkansas Naturals batting - Pitching for Frisco RoughRiders : RHP Hector Bojorquez
Pitching: RHP Hector Bojorquez
Batting: SHB Ryoji Hiraoka 0-0: Called Strike
0-1: Swinging Strike
0-2: Ball
1-2: Ball
2-2: Foul Ball, location: 2F
2-2: Ball
3-2: Base on Balls
Batting: RHB Kazuki Arai 0-0: Foul Ball, location: 2F
0-1: Foul Ball, location: 2F
0-2: DOUBLE (Flyball, 78XD, EV 109.4 MPH)
Ryoji Hiraoka to third
Runner from 3rd tries for Home, SAFE, throw by LF to home
Batting: RHB Alex Cid 0-0: Called Strike
0-1: Called Strike
0-2: Ground out U3 (Groundball, 3, EV 80.0 MPH)
Kazuki Arai to third
Batting: RHB Andy Urquhart 0-0: Called Strike
0-1: Ball
1-1: Called Strike
1-2: Ball
2-2: Strikes out swinging
Batting: RHB Edwin Ramos 0-0: Called Strike
0-1: Ground out 4-3 (Groundball, 4S, EV 69.4 MPH)
Bottom of the 1st over - 1 run, 1 hit, 0 errors, 1 left on base; Frisco 0 - Northwest Arkansas 1
TOP OF THE 2ND
Frisco RoughRiders batting - Pitching for Northwest Arkansas Naturals : RHP Mike Tuck
Batting: LHB Yasahiko Teshima 0-0: Called Strike
0-1: Ball
1-1: SINGLE (Line Drive, 8RS, EV 104.4 MPH)
Batting: RHB Danny Murillo 0-0: Ball
1-0: Ball
2-0: Called Strike
2-1: Ball
Yasahiko Teshima steals 2nd base
3-1: Base on Balls
Batting: LHB Joseph Martin 0-0: Called Strike
0-1: Called Strike
0-2: Grounds into double play, 6-4-3 (Groundball, 6, EV 78.8 MPH)
Yasahiko Teshima to third
Batting: RHB Matt Sanders 0-0: Called Strike
0-1: Ground out 6-3 (Groundball, 6, EV 87.5 MPH)
Top of the 2nd over - 0 runs, 1 hit, 0 errors, 1 left on base; Frisco 0 - Northwest Arkansas 1
BOTTOM OF THE 2ND
Northwest Arkansas Naturals batting - Pitching for Frisco RoughRiders : RHP Hector Bojorquez
Batting: RHB William Lung 0-0: Ball
1-0: Ball
2-0: SOLO HOME RUN (Flyball, 7D, EV 96.2 MPH), Distance : 392 ft
Batting: RHB Chad Sullivan 0-0: Ball
1-0: Ball
2-0: TRIPLE (Line Drive, 89XD, EV 100.0 MPH)
Batting: SHB Danny Ballenger 0-0: Called Strike
0-1: Ball
1-1: Ball
2-1: Ground out 5-3 (Groundball, 56, EV 104.4 MPH)
Chad Sullivan scores
Batting: RHB Gabe Ochoa 0-0: Foul Ball, location: 2F
0-1: Ball
1-1: Ball
2-1: Ground out 5-3 (Groundball, 56, EV 103.8 MPH)
Batting: SHB Ryoji Hiraoka 0-0: Called Strike
0-1: Called Strike
0-2: Foul Ball, location: 2F
0-2: Foul Ball, location: 2F
0-2: Strikes out swinging
Bottom of the 2nd over - 2 runs, 2 hits, 0 errors, 0 left on base; Frisco 0 - Northwest Arkansas 3
TOP OF THE 3RD
Frisco RoughRiders batting - Pitching for Northwest Arkansas Naturals : RHP Mike Tuck
Batting: RHB Shoh Tanioka 0-0: Ball
1-0: Called Strike
1-1: Ball
2-1: Ball
3-1: Base on Balls
Batting: RHB Darnell Jones 0-0: Ball
1-0: Ball
2-0: Called Strike
Shoh Tanioka steals 2nd base
2-1: Ball
3-1: Swinging Strike
3-2: Base on Balls
Batting: LHB Pauli Gassinger 0-0: Foul Ball, location: 2F
0-1: Foul Ball, location: 2F
0-2: Ball
1-2: SINGLE (Groundball, 34D, EV 106.2 MPH)
Shoh Tanioka to third
Darnell Jones to second
Pitching: RHP Kevin Fleming
Batting: LHB Alfonso Collazo 0-0: Ball
1-0: Called Strike
1-1: Called Strike
1-2: Ball
2-2: Foul Ball, location: 2F
2-2: Reached on error, E3 (Groundball, 34D, EV 103.8 MPH)
Shoh Tanioka scores
Darnell Jones to third
Pauli Gassinger to second
Batting: RHB Chance Lamb 0-0: Ball
1-0: Ball
2-0: Called Strike
2-1: Ball
3-1: Base on Balls
Darnell Jones scores
Pauli Gassinger to third
Alfonso Collazo to second
Batting: LHB Yasahiko Teshima 0-0: Swinging Strike
0-1: Foul Ball, location: 2F
0-2: Ball
1-2: Ball
2-2: Foul Ball, location: 2F
2-2: Strikes out swinging
Batting: RHB Danny Murillo 0-0: Swinging Strike
0-1: Ball
1-1: Swinging Strike
1-2: Strikes out swinging
Batting: LHB Joseph Martin 0-0: Ball
1-0: Ball
2-0: Ball
3-0: Base on Balls
Pauli Gassinger scores
Alfonso Collazo to third
Chance Lamb to second
Pinch Hitting: LHB Yat-sen Zhu 0-0: Foul Ball, location: 2F
0-1: Foul Ball, location: 2F
0-2: Ball
1-2: Strikes out swinging
Top of the 3rd over - 3 runs, 1 hit, 1 error, 3 left on base; Frisco 3 - Northwest Arkansas 3
BOTTOM OF THE 3RD
Northwest Arkansas Naturals batting - Pitching for Frisco RoughRiders : RHP Hector Bojorquez
Now in CF: Dale Aubrey
Batting: RHB Kazuki Arai 0-0: Ball
1-0: Ball
2-0: Ball
3-0: Called Strike
3-1: Foul Ball, location: 2F
3-2: Fly out, F3 (Line Drive, 3, EV 72.5 MPH)
Batting: RHB Alex Cid 0-0: Called Strike
0-1: Swinging Strike
0-2: Ball
1-2: Ball
2-2: Ground out 4-3 (Groundball, 4, EV 87.5 MPH)
Batting: RHB Andy Urquhart 0-0: Ball
1-0: Ball
2-0: Swinging Strike
2-1: Swinging Strike
2-2: Foul Ball, location: 2F
2-2: Strikes out swinging
Bottom of the 3rd over - 0 runs, 0 hits, 0 errors, 0 left on base; Frisco 3 - Northwest Arkansas 3
TOP OF THE 4TH
Frisco RoughRiders batting - Pitching for Northwest Arkansas Naturals : RHP Kevin Fleming
Batting: RHB Shoh Tanioka 0-0: Called Strike
0-1: Called Strike
0-2: Foul Ball, location: 2F
0-2: Ball
1-2: Strikes out looking
Batting: RHB Darnell Jones 0-0: Ball
1-0: Ball
2-0: Ball
3-0: Called Strike
3-1: Foul Ball, location: 2F
3-2: Base on Balls
Pitching: RHP John Barnett
Batting: LHB Pauli Gassinger 0-0: Ball
1-0: Called Strike
1-1: Foul Ball, location: 2F
1-2: Hit by Pitch
Darnell Jones to second
DELAY Rain delay of 44 minutes in the 4th inning.
Batting: LHB Alfonso Collazo 0-0: Ball
1-0: Ball
2-0: DOUBLE (Groundball, 3L, EV 102.5 MPH)
Darnell Jones scores
Pauli Gassinger to third
Runner from 3rd tries for Home, SAFE, throw by RF to trailing runner, SAFE at third!
Batting: RHB Chance Lamb 0-0: Ball
1-0: Ball
2-0: Called Strike
2-1: SINGLE (Groundball, 6S, EV 63.8 MPH) (infield hit)
Alfonso Collazo scores
Batting: LHB Yasahiko Teshima 0-0: Ball
1-0: TRIPLE (Flyball, 78XD, EV 92.5 MPH)
Chance Lamb scores
Batting: RHB Danny Murillo 0-0: TRIPLE (Groundball, 3L, EV 95.0 MPH)
Yasahiko Teshima scores
Pitching: RHP Junsuke Abe
Batting: LHB Joseph Martin 0-0: Ball
1-0: Called Strike
1-1: Ball
2-1: Foul Ball, location: 2F
2-2: Strikes out swinging
Batting: RHB Dale Aubrey 0-0: Fly out, F7 (Flyball, 7D, EV 87.5 MPH)
Top of the 4th over - 5 runs, 4 hits, 0 errors, 1 left on base; Frisco 8 - Northwest Arkansas 3
BOTTOM OF THE 4TH
Northwest Arkansas Naturals batting - Pitching for Frisco RoughRiders : RHP Hector Bojorquez
Batting: RHB Edwin Ramos 0-0: Ground out 6-3 (Groundball, 6, EV 80.0 MPH)
Batting: RHB William Lung 0-0: Called Strike
0-1: Ball
1-1: Ball
2-1: Foul Ball, location: 2F
2-2: Fly out, F6 (Line Drive, 6, EV 65.6 MPH)
Batting: RHB Chad Sullivan 0-0: Called Strike
0-1: Fly out, F8 (Line Drive, 8LM, EV 96.9 MPH)
Bottom of the 4th over - 0 runs, 0 hits, 0 errors, 0 left on base; Frisco 8 - Northwest Arkansas 3
TOP OF THE 5TH
Frisco RoughRiders batting - Pitching for Northwest Arkansas Naturals : RHP Junsuke Abe
Batting: RHB Shoh Tanioka 0-0: Called Strike
0-1: Foul Ball, location: 2F
0-2: Ball
1-2: Ball
2-2: Strikes out swinging
Batting: RHB Darnell Jones 0-0: Ball
1-0: Ball
2-0: Fly out, F8 (Flyball, 8RXD, EV 105.6 MPH)
Batting: LHB Pauli Gassinger 0-0: Ball
1-0: Swinging Strike
1-1: Ball
2-1: Foul Ball, location: 2F
2-2: Ball
3-2: SINGLE (Groundball, 56S, EV 68.8 MPH) (infield hit)
Batting: LHB Alfonso Collazo 0-0: Called Strike
0-1: Foul Ball, location: 2F
0-2: Ball
1-2: Ball
Pauli Gassinger steals 2nd base
2-2: Strikes out looking
Top of the 5th over - 0 runs, 1 hit, 0 errors, 1 left on base; Frisco 8 - Northwest Arkansas 3
BOTTOM OF THE 5TH
Northwest Arkansas Naturals batting - Pitching for Frisco RoughRiders : RHP Hector Bojorquez
Batting: SHB Danny Ballenger 0-0: Foul Ball, location: 2F
0-1: Foul Ball, location: 2F
0-2: Ball
1-2: Strikes out swinging
Batting: RHB Gabe Ochoa 0-0: Swinging Strike
0-1: Ball
1-1: Foul Ball, location: 2F
1-2: Strikes out swinging
Batting: SHB Ryoji Hiraoka 0-0: Hit by Pitch
Batting: RHB Kazuki Arai 0-0: Ball
1-0: Called Strike
1-1: Swinging Strike
1-2: Ball
2-2: Ball
3-2: Ground out 6-3 (Groundball, 6M, EV 89.4 MPH)
Bottom of the 5th over - 0 runs, 0 hits, 0 errors, 1 left on base; Frisco 8 - Northwest Arkansas 3
TOP OF THE 6TH
Frisco RoughRiders batting - Pitching for Northwest Arkansas Naturals : RHP Junsuke Abe
Batting: RHB Chance Lamb 0-0: Ball
1-0: Foul Ball, location: 2F
1-1: Ball
2-1: Foul Ball, location: 2F
2-2: Ground out 1-3 (Groundball, P, EV 64.4 MPH)
Batting: LHB Yasahiko Teshima 0-0: Ball
1-0: Swinging Strike
1-1: DOUBLE (Groundball, 3L, EV 101.2 MPH)
Batting: RHB Danny Murillo 0-0: Ball
Yasahiko Teshima steals 3rd, throwing error, E2
Yasahiko Teshima scores
1-0: Ground out 6-3 (Groundball, 6, EV 101.2 MPH)
Batting: LHB Joseph Martin 0-0: Ball
1-0: Called Strike
1-1: Ball
2-1: Ball
3-1: Foul Ball, location: 2F
3-2: Foul Ball, location: 2F
3-2: Base on Balls
Pitching: RHP Justin Nipper
Batting: RHB Dale Aubrey 0-0: Called Strike
0-1: Called Strike
0-2: Strikes out swinging
Top of the 6th over - 1 run, 1 hit, 1 error, 1 left on base; Frisco 9 - Northwest Arkansas 3
BOTTOM OF THE 6TH
Northwest Arkansas Naturals batting - Pitching for Frisco RoughRiders : RHP Hector Bojorquez
Batting: RHB Alex Cid 0-0: Called Strike
0-1: Swinging Strike
0-2: Ball
1-2: Ball
2-2: Strikes out looking
Batting: RHB Andy Urquhart 0-0: Ground out 6-3 (Groundball, 56, EV 84.4 MPH)
Batting: RHB Edwin Ramos 0-0: Fly out, F8 (Flyball, 78S, EV 81.2 MPH)
Bottom of the 6th over - 0 runs, 0 hits, 0 errors, 0 left on base; Frisco 9 - Northwest Arkansas 3
TOP OF THE 7TH
Frisco RoughRiders batting - Pitching for Northwest Arkansas Naturals : RHP Justin Nipper
Batting: RHB Shoh Tanioka 0-0: Ball
1-0: SINGLE (Groundball, 6M, EV 103.1 MPH) (infield hit)
Batting: RHB Darnell Jones 0-0: Ball
1-0: Called Strike
1-1: Swinging Strike
1-2: Strikes out swinging
Batting: LHB Pauli Gassinger 0-0: Called Strike
0-1: SINGLE (Groundball, 34D, EV 97.5 MPH)
Shoh Tanioka to second
Runner from 2nd tries for 3rd, SAFE, throw by RF made at trailing runner, OUT! 9-6
Batting: LHB Alfonso Collazo 0-0: SINGLE (Line Drive, 7S, EV 93.1 MPH)
Shoh Tanioka scores
Batting: RHB Chance Lamb 0-0: Ball
1-0: Ball
2-0: Called Strike
2-1: Called Strike
2-2: Strikes out looking
Top of the 7th over - 1 run, 3 hits, 0 errors, 1 left on base; Frisco 10 - Northwest Arkansas 3
BOTTOM OF THE 7TH
Northwest Arkansas Naturals batting - Pitching for Frisco RoughRiders : RHP Hector Bojorquez
Pinch Hitting: RHB Kasey Bland 0-0: Ground out 5-3 (Groundball, 5, EV 104.4 MPH)
Pinch Hitting: LHB Bobby Gonzalez 0-0: Called Strike
0-1: Ball
1-1: Ball
2-1: SOLO HOME RUN (Line Drive, 9D, EV 112.5 MPH), Distance : 431 ft
Batting: SHB Danny Ballenger 0-0: Called Strike
0-1: Ground out U3 (Groundball, 3, EV 87.5 MPH)
Batting: RHB Gabe Ochoa 0-0: Ball
1-0: Ball
2-0: Ball
3-0: Called Strike
3-1: Ground out 6-3 (Groundball, 6, EV 88.8 MPH)
Bottom of the 7th over - 1 run, 1 hit, 0 errors, 0 left on base; Frisco 10 - Northwest Arkansas 4
TOP OF THE 8TH
Frisco RoughRiders batting - Pitching for Northwest Arkansas Naturals : RHP Justin Nipper
Now at 3B: Kasey Bland
Now in LF: Kazuki Arai
Now in RF: Bobby Gonzalez
Batting: LHB Yasahiko Teshima 0-0: Ground out 4-3 (Groundball, 4, EV 83.8 MPH)
Batting: RHB Danny Murillo 0-0: Ball
1-0: Swinging Strike
1-1: Ball
2-1: Foul Ball, location: 2F
2-2: Strikes out looking
Batting: LHB Joseph Martin 0-0: Ball
1-0: Ball
2-0: Ball
3-0: Called Strike
3-1: Called Strike
3-2: Base on Balls
Batting: RHB Dale Aubrey 0-0: Called Strike
0-1: Ball
1-1: Ball
2-1: Called Strike
2-2: Strikes out swinging
Top of the 8th over - 0 runs, 0 hits, 0 errors, 1 left on base; Frisco 10 - Northwest Arkansas 4
BOTTOM OF THE 8TH
Northwest Arkansas Naturals batting - Pitching for Frisco RoughRiders : RHP Hector Bojorquez
Batting: SHB Ryoji Hiraoka 0-0: Ball
1-0: Foul Ball, location: 2F
1-1: Swinging Strike
1-2: Ball
2-2: Foul Ball, location: 2F
2-2: Strikes out swinging
Pitching: RHP Jim Vickers
Batting: RHB Kazuki Arai 0-0: Swinging Strike
0-1: Fly out, F9 (Flyball, 9, EV 72.5 MPH)
Batting: RHB Alex Cid 0-0: Ground out 3-1 (Groundball, 34S, EV 87.5 MPH)
Bottom of the 8th over - 0 runs, 0 hits, 0 errors, 0 left on base; Frisco 10 - Northwest Arkansas 4
TOP OF THE 9TH
Frisco RoughRiders batting - Pitching for Northwest Arkansas Naturals : RHP Justin Nipper
Batting: RHB Shoh Tanioka 0-0: Foul Ball, location: 2F
0-1: Ground out 6-3 (Groundball, 6, EV 93.1 MPH)
Batting: RHB Darnell Jones 0-0: Called Strike
0-1: Foul Ball, location: 2F
0-2: Ground out 6-3 (Groundball, 6, EV 85.0 MPH)
Batting: LHB Pauli Gassinger 0-0: Ball
1-0: Called Strike
1-1: Ground out 4-3 (Groundball, 34, EV 79.4 MPH)
Top of the 9th over - 0 runs, 0 hits, 0 errors, 0 left on base; Frisco 10 - Northwest Arkansas 4
BOTTOM OF THE 9TH
Northwest Arkansas Naturals batting - Pitching for Frisco RoughRiders : RHP Jim Vickers
Batting: RHB Andy Urquhart 0-0: Ball
1-0: Ball
2-0: Called Strike
2-1: Called Strike
2-2: SOLO HOME RUN (Flyball, 7D, EV 95.6 MPH), Distance : 383 ft
Batting: RHB Edwin Ramos 0-0: Ball
1-0: Called Strike
1-1: Fly out, F9 (Flyball, 9LD, EV 110.0 MPH)
Batting: RHB Kasey Bland 0-0: Called Strike
0-1: Ball
1-1: Ball
2-1: Ball
3-1: Called Strike
3-2: Ground out 6-3 (Groundball, 56, EV 89.4 MPH)
Batting: LHB Bobby Gonzalez 0-0: Called Strike
0-1: Swinging Strike
0-2: Ball
1-2: Foul Ball, location: 2F
1-2: Fly out, F7 (Flyball, 78S, EV 85.0 MPH)
Bottom of the 9th over - 1 run, 1 hit, 0 errors, 0 left on base; Frisco 10 - Northwest Arkansas 5
Tuesday, March 28th , 2023 - OOTP Baseball 23.10 Build 110